Map: Jagannatha LE

Players

SKillous

  • Race: Protoss Protoss
  • League: Grandmaster

MaxPax - Winner!

  • Race: Protoss Protoss
  • League: Grandmaster

Event: DreamHack SC2 Masters 2021 Summer

VOD

Have the link to the VOD?

Description

Time

  • Played on: May 22, 2021, 1:53 p.m.
  • Length: 8:38

All games in this series

Show
View Real Time Build Order
Export as new Build Order

SKillous Protoss 

Build Orders:  

Get SALT Encoding   

  12  0:00  Probe  
  13  0:12  Probe  
  14  0:17  Pylon  
  14  0:24  Probe (Chrono Boost)  
  15  0:36  Probe (Chrono Boost)  
  15  0:37  Gateway  
  16  0:45  Probe (Chrono Boost)  
  16  0:46  Assimilator  
  17  0:50  Probe  
  17  0:56  Assimilator  
  18  1:03  Probe  
  19  1:15  Probe (Chrono Boost)  
  19  1:17  Gateway  
  20  1:24  Probe (Chrono Boost)  
  20  1:25  Cybernetics Core  
  21  1:29  Probe (Chrono Boost)  
  22  1:35  Pylon  
  22  1:41  Probe  
  23  1:53  Probe  
  24  2:02  Stalker  
  24  2:04  Stalker, Warp Gate  
  28  2:09  Probe  
  28  2:13  Pylon  
  29  2:22  Probe  
  29  2:33  Sentry  
  29  2:34  Probe  
  32  2:43  Sentry  
  34  2:46  Probe  
  35  2:54  Shield Battery  
  35  2:58  Probe  
  36  3:00  Pylon  
  36  3:10  Probe  
  37  3:22  Probe  
  38  3:27  Nexus  
  38  3:29  Twilight Council  
  38  3:34  Probe (Chrono Boost)  
  39  3:46  Probe (Chrono Boost)  
  39  3:48  Forge  
  40  3:52  Stalker x2  
  44  3:55  Probe (Chrono Boost)  
  44  3:57  Pylon  
  45  4:04  Probe  
  46  4:10  Blink (Chrono Boost)  
  46  4:14  Protoss Ground Weapons Level 1 (Chrono Boost)  
  46  4:16  Probe  
  47  4:21  Stalker  
  49  4:28  Probe  
  50  4:38  Probe  
  50  4:45  Stalker  
  53  4:46  Probe  
  53  4:47  Stalker  
  53  4:50  Shield Battery  
  56  4:58  Probe  
  53  5:09  Probe  
  53  5:12  Stalker x2  
  53  5:13  Probe  
  51  5:21  Probe  
  51  5:26  Probe  
  53  5:29  Nexus  
  53  5:30  Pylon  
  53  5:33  Probe  
  54  5:37  Sentry  
  54  5:38  Stalker  
  54  5:42  Probe  
  59  5:45  Probe  
  60  5:51  Photon Cannon  
  60  5:54  Probe  
  61  5:58  Probe  
  61  6:02  Stalker x2  
  66  6:08  Probe  
  66  6:10  Gateway  
  67  6:13  Gateway  
  67  6:16  Probe  
  66  6:25  Probe  
  67  6:29  Photon Cannon  
  67  6:32  Pylon  
  67  6:37  Stalker  
  67  6:39  Probe  
  66  6:44  Probe (Chrono Boost)  
  66  6:45  Sentry  
  63  6:48  Probe (Chrono Boost), Robotics Facility  
  64  6:59  Probe (Chrono Boost)  
  64  7:00  Probe (Chrono Boost)  
  64  7:01  Probe (Chrono Boost)  
  63  7:04  Stalker  
  63  7:06  Probe (Chrono Boost)  
  63  7:08  Probe  
  62  7:14  Probe  
  63  7:17  Probe  
  63  7:20  Probe  
  65  7:26  Probe  
  65  7:27  Assimilator  
  65  7:29  Probe, Assimilator  
  67  7:33  Probe  
  67  7:35  Observer (Chrono Boost)  
  69  7:38  Probe  
  69  7:43  Probe  
  71  7:45  Probe  
  71  7:50  Probe  
  67  8:12  Stalker x2  
  67  8:17  Pylon  
Show
View Real Time Build Order
Export as new Build Order

MaxPax Protoss - Winner!

Build Orders: Oracle Opening, Zealot Archon 

Get SALT Encoding   

  12  0:00  Probe  
  13  0:12  Probe  
  14  0:20  Pylon  
  14  0:24  Probe  
  15  0:38  Probe (Chrono Boost)  
  15  0:40  Gateway  
  16  0:48  Probe (Chrono Boost), Assimilator  
  17  0:53  Probe (Chrono Boost)  
  18  1:04  Probe  
  18  1:06  Assimilator  
  18  1:08  Pylon  
  19  1:16  Probe (Chrono Boost)  
  21  1:27  Probe (Chrono Boost), Cybernetics Core  
  21  1:32  Probe (Chrono Boost)  
  22  1:43  Probe  
  25  1:55  Probe  
  26  2:04  Adept (Chrono Boost)  
  26  2:05  Nexus  
  26  2:14  Warp Gate  
  26  2:20  Stargate  
  26  2:26  Stalker  
  28  2:33  Pylon  
  29  2:37  Probe  
  29  2:42  Pylon  
  29  2:53  Probe  
  29  2:55  Shield Battery  
  30  3:01  Oracle (Chrono Boost)  
  32  3:15  Gateway  
  32  3:19  Stalker  
  34  3:22  Probe  
  35  3:28  Probe  
  38  3:43  Shield Battery  
  38  3:45  Probe  
  39  3:49  Probe  
  40  3:57  Probe  
  40  4:01  Probe  
  42  4:06  Twilight Council  
  42  4:09  Probe  
  39  4:10  Oracle (Chrono Boost)  
  39  4:11  Stalker x2  
  39  4:14  Probe  
  47  4:22  Probe  
  48  4:26  Probe  
  49  4:34  Probe  
  49  4:38  Probe  
  51  4:45  Dark Shrine  
  51  4:46  Probe, Assimilator  
  51  4:48  Stalker  
  51  4:51  Pylon  
  54  5:02  Pylon  
  54  5:05  Probe x2  
  51  5:17  Probe x2  
  51  5:18  Stalker x2  
  57  5:29  Probe x2, Blink (Chrono Boost)  
  57  5:31  Pylon  
  57  5:34  Forge  
  59  5:36  Pylon  
  59  5:41  Probe  
  60  5:43  Probe  
  61  5:53  Pylon  
  61  5:56  Nexus  
  61  5:58  Dark Templar  
  62  6:04  Protoss Ground Weapons Level 1 (Chrono Boost)  
  62  6:08  Photon Cannon  
  62  6:10  Pylon  
  62  6:15  Dark Templar  
  61  6:35  Dark Templar  
  59  6:45  Pylon  
  59  6:46  Gateway  
  59  6:48  Gateway  
  59  6:49  Shield Battery  
  59  6:51  Gateway  
  59  6:53  Photon Cannon  
  59  6:55  Stalker  
  59  7:00  Probe  
  62  7:03  Probe  
  63  7:11  Probe  
  63  7:12  Probe  
  63  7:15  Robotics Facility  
  65  7:17  Probe, Pylon  
  66  7:23  Probe  
  66  7:24  Probe  
  66  7:25  Stalker  
  68  7:30  Probe, Pylon, Stalker  
  68  7:33  Shield Battery  
  68  7:36  Probe  
  71  7:41  Gateway  
  71  7:43  Stalker x2  
  75  7:45  Probe  
  75  7:46  Probe  
  77  7:53  Probe  
  78  7:59  Archon  
  78  8:01  Stalker x3  
  78  8:02  Probe  
  85  8:09  Probe  
  85  8:10  Photon Cannon  
  86  8:14  Assimilator  
  86  8:15  Pylon, Stalker  
  86  8:16  Assimilator, Stalker  
  88  8:20  Probe  
Tags
 
Add a new tag
Caveats
  • Supply blocks, unpowered buildings, or Contaminate may cause inaccurate times.
  • Supply counts are checked every 10 seconds.